Map: Terraform LE (Void)

Players

Javert

  • Race: Zerg Zerg
  • League: Gold

TonyHorton - Winner!

  • Race: Terran Terran
  • League: Platinum

VOD

Have the link to the VOD?

Description

Time

  • Played on: Sept. 12, 2015, 12:01 a.m.
  • Length: 6:19
Show
View Real Time Build Order
Export as new Build Order

Javert Zerg 

Build Orders: Hatch First 

Get SALT Encoding   

  12  0:01  Drone  
  13  0:15  Overlord  
  13  0:18  Drone  
  14  0:33  Drone x2  
  16  0:38  Drone  
  17  0:54  Hatchery  
  17  0:55  Drone  
  17  0:58  Extractor  
  17  1:01  Drone  
  17  1:10  Drone  
  18  1:21  Spawning Pool  
  18  1:24  Drone  
  18  1:31  Drone  
  19  1:41  Drone  
  20  1:52  Drone  
  21  2:03  Overlord  
  21  2:10  Queen x2  
  21  2:11  Metabolic Boost  
  21  2:14  Zergling x4  
  27  2:23  Drone  
  28  2:38  Spore Crawler  
  28  2:40  Drone x2  
  29  2:55  Drone x4  
  29  2:56  Queen  
  35  3:04  Overlord  
  35  3:22  Drone x2  
  35  3:23  Drone, Overlord  
  38  3:28  Queen  
  38  3:32  Roach Warren  
  38  3:34  Zergling x6  
  42  3:36  Drone x2  
  44  3:54  Hatchery  
  43  4:00  Drone x2  
  43  4:01  Drone x4  
  49  4:08  Drone x2  
  49  4:09  Drone  
  52  4:12  Overlord  
  52  4:17  Overlord  
  52  4:20  Extractor  
  52  4:21  Extractor  
  47  4:37  Lair  
  47  4:38  Evolution Chamber  
  47  4:40  Drone  
  47  4:41  Drone x6  
  53  4:57  Zergling x2  
  53  4:58  Zergling x14  
  59  5:08  Spine Crawler  
  59  5:09  Spine Crawler  
  57  5:15  Overlord x2  
  57  5:19  Extractor  
  56  5:26  Zergling x4  
  58  5:41  Zergling x4  
  58  5:42  Zergling x12  
  63  5:55  Overlord x2  
  61  5:58  Zergling x2  
  61  5:59  Zergling x10  
Show
View Real Time Build Order
Export as new Build Order

TonyHorton Terran - Winner!

Build Orders: Reaper Expand 

Get SALT Encoding   

  12  0:00  SCV  
  13  0:12  SCV  
  14  0:18  Supply Depot  
  14  0:25  SCV  
  15  0:39  SCV  
  15  0:40  Barracks  
  16  0:45  Refinery  
  16  0:51  SCV  
  17  1:04  SCV  
  18  1:16  SCV  
  19  1:29  Orbital Command  
  19  1:30  Reaper  
  20  1:42  Command Center  
  20  1:54  SCV  
  20  2:01  Supply Depot  
  21  2:02  Barracks Reactor  
  21  2:07  SCV  
  22  2:08  Barracks  
  22  2:19  SCV  
  23  2:26  Barracks  
  23  2:37  SCV  
  24  2:40  Marine  
  24  2:41  Marine  
  26  2:56  Orbital Command  
  26  2:57  SCV, Barracks Tech Lab  
  27  2:58  Marine x2  
  27  3:02  Factory  
  29  3:09  SCV  
  30  3:16  Marauder, Marine  
  30  3:18  Stimpack  
  33  3:21  SCV, Marine x2  
  33  3:24  SCV  
  37  3:33  SCV  
  37  3:34  Marine  
  39  3:35  Refinery  
  39  3:38  Marauder  
  41  3:46  Marine x2  
  43  3:57  SCV x2, Marine  
  46  4:04  Marine  
  46  4:05  Starport  
  46  4:10  Marine x2  
  46  4:15  Marine  
  49  4:18  SCV x2  
  49  4:22  Marauder  
  53  4:28  Marine  
  54  4:41  SCV x2, Marine x2  
  54  4:43  Command Center, Marine  
  54  4:45  Supply Depot, Medivac  
  61  4:47  Supply Depot  
  61  4:51  Marine  
  62  4:59  Refinery x2  
  62  5:06  Marine, Engineering Bay, Widow Mine  
  67  5:07  SCV x2  
  67  5:09  Marine  
  67  5:10  Barracks Reactor  
  67  5:11  Barracks  
  68  5:19  SCV x2, Marine  
  71  5:24  Marine  
  71  5:27  Marine  
  73  5:29  Factory  
  73  5:31  SCV x2  
  73  5:33  Medivac  
  77  5:37  Marine  
  78  5:46  Marine  
  74  5:50  Marine x3  
Tags
 
Add a new tag
Caveats
  • Supply blocks, unpowered buildings, or Contaminate may cause inaccurate times.
  • Supply counts are checked every 10 seconds.